 Dungeon Crawl Stone Soup version 0.31-a0-659-gc5a091b79a (webtiles) character file.

Game seed: 685041764086610932

401 Gargoyl the Chopper (level 6, -9/58 HPs)
             Began as a Gargoyle Berserker on Aug 31, 2023.
             Was a Believer of Trog.
             Mangled by a gnoll
             ... wielding a +0 halberd
             ... led by a gnoll bouda
              (11 damage)
             ... on level 5 of the Dungeon.
             The game lasted 00:03:31 (3623 turns).

Gargoyl the Chopper (Gargoyle Berserker)            Turns: 3623, Time: 00:03:32

Health: -9/58      AC:  8    Str: 20    XL:     6   Next: 85%
Magic:  6/6        EV: 12    Int:  8    God:    Trog [**....]
Gold:   272        SH:  0    Dex: 11    Spells: 5/5 levels left

rFire   . . .        h - +0 broad axe
rCold   . . .        (no shield)
rNeg    + . .        b - +0 animal skin
rPois   ∞            (no helmet)
rElec   +            (no cloak)
rCorr   .            (no gloves)
SInv    .            l - +1 pair of boots
Will    .....        (no amulet) Stlth
                     (no ring)
HPRegen 0.29/turn    (no ring)
MPRegen 0.10/turn

%: no passive effects
@: berserking (expiring), very quick
A: sickness immunity, AC +4, negative energy resistance 1, electricity
resistance, torment resistance 1, petrification resistance
a: Renounce Religion, Berserk, Trog's Hand


You were on level 5 of the Dungeon.
You worshipped Trog.
Trog was pleased with you.
You visited 1 branch of the dungeon, and saw 5 of its levels.

You collected 272 gold pieces.

Inventory:

Hand Weapons
 h - a +0 broad axe (weapon)
Armour
 b - a +0 animal skin (worn)
 l - a +1 pair of boots (worn)
Wands
 g - a wand of charming (4)
 j - a wand of mindburst (9)
Scrolls
 a - a scroll of fog {unknown}
 d - 3 scrolls of teleportation
 m - 2 scrolls of identify
 o - a scroll of revelation
Potions
 c - a potion of haste
 e - 5 potions of heal wounds {unknown}
 f - a potion of invisibility {unknown}
 i - a potion of might {unknown}
 k - 2 potions of curing {unknown}
 n - a potion of lignification {unknown}
 p - a potion of brilliance {unknown}


   Skills:
 + Level 4.7 Fighting
 + Level 5.3 Axes
 + Level 2.3 Armour
 + Level 2.6 Dodging
 + Level 1.8 Stealth


You had 5 spell levels left.
You didn't know any spells.
Your spell library was empty.

Dungeon Overview and Level Annotations

Branches:
Dungeon (5/15)
 Temple: D:4-7

Altars:
Dithmenos
Nemelex Xobeh


Innate Abilities, Weirdness & Mutations

You are immune to sickness and miasma.
Your stone body is resilient. (AC +4)
You are immune to poison.
You resist negative energy. (rN+)
You are resistant to electric shocks. (rElec)
You are resistant to unholy torment.
You are immune to petrification.


Message History

You hit the gnoll bouda. You barely miss the orc.
Unknown command.
Your attacks no longer feel as feeble.
The orc closely misses you.
Things that are here:
a +0 club; a gnoll corpse Unknown command.
Found a scroll of revelation.
You feel a strong urge to attack something.
The gnoll closely misses you. The orc hits you with a +0 dagger.
The gnoll bouda hits you with a +0 club!
Unknown command.
You slash the orc!
You kill the orc!
Trog accepts your kill.
You hit the gnoll bouda. You slash the gnoll!
You feel the power of Trog in you as your rage grows.
You kill the gnoll!
Trog accepts your kill.
A worm comes into view.
A gnoll comes into view. It is wielding a +0 halberd.
The gnoll bouda closely misses you.
Things that are here:
a +0 dagger; a +0 leather armour Unknown command.
You closely miss the gnoll bouda.
The gnoll bouda is heavily wounded.
The gnoll hits you from afar with a +0 halberd.
* * * LOW HITPOINT WARNING * * *
The gnoll bouda hits you with a +0 club.
* * * LOW HITPOINT WARNING * * *
A gnoll comes into view. It is wielding a +0 flail.
The gnoll shouts!
You hear an angry hiss.
The gnoll bouda barks out a call to the hunt!
The gnoll picks up the pace!
You feel a strong urge to attack something.
The gnoll hits you with a +0 flail!
* * * LOW HITPOINT WARNING * * *
The gnoll hits you with a +0 halberd!
You die...

...... ..... #.... .#
... #.# (.# ... #.#
..# #.# #.# ..# #g#
##.##.###
###@####.......#
###..g..)..#...#.###
...w...))g...........
#...#########<.##...
~~r.. #.## ~..♣ ..#
... #### .♣


You could see a gnoll bouda, a worm, 2 gnolls and a neutral quokka (wandering).

Vanquished Creatures
  An ogre (D:4)
  A jelly (D:4)
  3 orc priests (D:4)
  An orc wizard (D:4)
  3 gnolls
  5 adders
  A worm (D:2)
  3 dart slugs
  7 orcs
  7 endoplasms
  2 giant cockroaches (D:2)
  8 hobgoblins
  4 jackals (D:1)
  2 quokkas (D:1)
  5 ball pythons
  3 bats
  8 frilled lizards
  10 goblins
  9 kobolds
  3 rats
86 creatures vanquished.

Vanquished Creatures (others)
  An orc wizard (D:4)
1 creature vanquished.

Grand Total: 87 creatures vanquished

Notes
Turn   | Place    | Note
-------+----------+-------------------------------------------
     0 | D:1      | Gargoyl the Gargoyle Berserker began the quest for the Orb.
     0 | D:1      | Reached XP level 1. HP: 14/14 MP: 1/1
   198 | D:1      | Reached XP level 2. HP: 19/19 MP: 2/2
   587 | D:1      | Reached skill level 3 in Axes
   587 | D:1      | Reached XP level 3. HP: 6/24 MP: 3/3
   757 | D:1      | Reached ** piety under Trog
  1599 | D:2      | Reached XP level 4. HP: 27/29 MP: 4/4
  2020 | D:3      | Found a sparkling altar of Nemelex Xobeh.
  2626 | D:4      | Reached skill level 4 in Axes
  2626 | D:4      | Reached skill level 1 in Stealth
  2626 | D:4      | Reached XP level 5. HP: 33/33 MP: 5/5
  3064 | D:4      | Reached *** piety under Trog
  3323 | D:4      | Found a shadowy altar of Dithmenos.
  3346 | D:4      | Reached XP level 6. HP: 39/39 MP: 6/6
  3464 | D:4      | Reached skill level 5 in Axes
  3601 | D:5      | Entered Level 5 of the Dungeon
  3623 | D:5      | HP: 2/58 [gnoll/+0 flail[a gnoll bouda] (7)]
  3623 | D:5      | Mangled by a gnoll

Illustrated notes

Levels and vault maps discovered:
D:1:      minmay_arrival_solitary_statue, layout_loops_ring, serial_forest,
          infiniplex_forest_clump_small, infiniplex_forest_3_way,
          infiniplex_forest_straight_2, infiniplex_forest_clump_double,
          infiniplex_forest_clump_double, infiniplex_forest_straight_2,
          infiniplex_forest_end_1, infiniplex_forest_straight_4,
          infiniplex_forest_lined_2, infiniplex_forest_clump_small,
          dk_noncrumbling_2, minivault_19
D:2:      layout_basic
D:3:      layout_loops_ring, nemelex_spade_bored_becter
D:4:      layout_loops_corners, grunt_dithmenos_smoke, serial_bayou_pond_a,
          roderic_lattice_a
D:5:      kennysheep_steamy, layout_rooms, elyvilon_altar_4,
          gammafunk_temple_overflow_forgotten, minmay_temple_entry_crystal_x

Skill      XL: |  1  2  3  4  5  6 |
---------------+-------------------+-----
Fighting       | 4 |  4.7
Axes           | 3 4 5 |  5.3
Dodging        | 2 |  2.6
Stealth        | 1 |  1.8
Armour         | |  2.3

Action                     |  1- 3 |  4- 6 || total
---------------------------+-------+-------++-------
  Melee: Hand axe          |    95 |       ||    95
         Punch             |     1 |     3 ||     4
         Broad axe         |     5 |   127 ||   132
 Invoke: Berserk           |     1 |     4 ||     5
         Trog's Hand       |       |     2 ||     2
    Use: Scroll            |     3 |     1 ||     4
   Stab: Sleeping          |     1 |     3 ||     4
         Distracted        |     1 |       ||     1
 Armour: Animal skin       |    79 |    94 ||   173
  Dodge: Dodged            |    75 |    93 ||   168

Table legend: (Time is in decaauts)
 A = Elapsed time spent in this place.
 B = Non-inter-level travel time spent in this place.
 C = Inter-level travel time spent in this place.
 D = Time resting spent in this place.
 E = Time spent auto-exploring this place.
 F = Levels seen in this place.
 G = Mean time per level.
                   A        B        C        D        E       F      G
               +--------+--------+--------+--------+--------+-----+--------+
         Total |   3725 |   3566 |    159 |     85 |   2731 |   5 |  745.0 |
       Dungeon |   3725 |   3566 |    159 |     85 |   2731 |   5 |  745.0 |
               +--------+--------+--------+--------+--------+-----+--------+

Top non-repeatable levels by time:
     D:1: 1124 daAuts
     D:4: 1077 daAuts
     D:3: 825 daAuts
     D:2: 674 daAuts
     D:5: 23 daAuts
